Carolina Hurricanes vs Nashville Predators

Created - mercredi, 27 décembre 2023 at 19:00

Goals
1 2 3 T
Carolina Hurricanes 0 2 0 2
Nashville Predators 2 2 0 4
Shots
1 2 3 T
Carolina Hurricanes 18 14 10 42
Nashville Predators 10 12 3 25

1st period

1. Nashville Predators , Austin Watson 3 (Craig Smith 3) at 19:40
2. Nashville Predators , Filip Chytil 9 (Matt Duchene 8, Ryan Johansen 9) at 19:46

Penalties :
Calen Addison (CAR) for Holding (Minor) at 0:53, Pierre-Olivier Joseph (NSH) for Holding (Minor) at 5:28

2nd period

3. Nashville Predators , Austin Watson 4 (Craig Smith 4, Roman Josi 19) at 3:29
4. Carolina Hurricanes , Taylor Hall 7 (Nino Niederreiter 11, Jesperi Kotkaniemi 4) at 5:59
5. Nashville Predators , Ethan Bear 5 (Matt Duchene 9, Filip Chytil 11) at 7:07
6. Carolina Hurricanes , Noah Hanifin 2 (Brett Pesce 22) at 13:11 (PP)

Penalties :
Dante Fabbro (NSH) for Hooking (Minor) at 12:25

3rd period

No Goal

Penalties :
Brendan Smith (CAR) for Holding Stick (Minor) at 3:52, Kevin Fiala (NSH) for Cross-checking (Minor) at 16:23, Kevin Lankinen (NSH) for Delaying the game (Minor) at 19:56 - Austin Watson served the penalty.

Goalie Stats

Frederik Andersen (CAR), 12 saves from 16 shots - (0.750), L, 14-13-2, 27:07 minutes
Arturs Silovs (CAR), 9 saves from 9 shots - (1.000), 32:53 minutes
Kevin Lankinen (NSH), 9 saves from 9 shots - (1.000), 17:35 minutes
Kaapo Kahkonen (NSH), 31 saves from 33 shots - (0.939), W, 8-13-1, 42:25 minutes

Players Stats for Carolina Hurricanes

Player Name              G  A  P  +/- PIM S  H  SB GA TA FO     MP     PP MP  PK MP  
------------------------------------------------------------------------------------
Andrei Svechnikov        0  0  0  -1  0   5  3  0  0  0  2/3    18:41   2:49   2:14 
Anthony Duclair          0  0  0  -1  0   0  0  0  0  0  6/13   12:31   0:00   0:00 
Brendan Smith            0  0  0  -1  2   2  1  1  0  0  0/0    19:20   2:33   0:57 
Brett Pesce              0  1  1   0  0   1  1  2  0  0  0/0    21:27   1:05   1:38 
Brock McGinn             0  0  0   0  0   0  0  0  0  0  0/0    12:39   0:00   0:00 
Calen Addison            0  0  0  -1  2   2  1  2  0  0  0/0    19:21   2:41   0:40 
Carl Grundstrom          0  0  0  -1  0   2  1  0  0  0  1/2    12:06   0:00   0:00 
Denis Gurianov           0  0  0   0  0   2  1  0  0  0  0/0    12:44   0:00   0:05 
Dylan Coghlan            0  0  0  -2  0   0  1  1  0  0  0/0    17:59   0:49   1:28 
Jake Bean                0  0  0  -2  0   2  1  0  0  0  0/0    17:52   1:01   1:11 
Jesperi Kotkaniemi       0  1  1  -1  0   4  2  0  0  0  9/14   15:28   1:58   0:05 
Jordan Staal             0  0  0  -1  0   3  0  0  0  0  1/3    18:02   2:49   1:59 
Julien Gauthier          0  0  0  -1  0   1  1  0  0  0  2/2    12:31   0:00   0:00 
Nino Niederreiter        0  1  1  -1  0   1  1  0  0  0  1/4    14:49   1:58   0:00 
Noah Hanifin             1  0  1   0  0   2  1  1  0  0  0/0    21:55   1:25   1:42 
Sebastian Aho            0  0  0  -1  0   10 0  0  0  0  15/24  19:13   2:49   1:59 
Stefan Noesen            0  0  0   0  0   3  4  0  0  0  7/15   12:51   0:12   0:00 
Taylor Hall              1  0  1  -1  0   2  0  0  0  0  1/2    16:31   1:46   1:54 

Players Stats for Nashville Predators

Player Name              G  A  P  +/- PIM S  H  SB GA TA FO     MP     PP MP  PK MP  
------------------------------------------------------------------------------------
Anthony Beauvillier      0  0  0  -1  0   1  0  0  0  0  5/12   14:16   0:57   0:08 
Austin Watson            2  0  2   2  0   3  2  0  0  0  2/5    12:21   0:00   1:36 
Connor Murphy            0  0  0   1  0   1  3  0  0  0  0/0    19:11   0:11   2:06 
Craig Smith              0  2  2   2  0   1  1  0  0  0  6/11   11:37   2:02   0:00 
Dante Fabbro             0  0  0   1  2   0  2  2  0  0  0/0    17:46   0:00   1:24 
Ethan Bear               1  0  1   1  0   3  2  3  0  0  0/0    18:02   1:55   2:00 
Filip Chytil             1  1  2   2  0   6  0  0  0  0  1/1    15:30   2:02   0:08 
Filip Forsberg           0  0  0   0  0   1  1  0  0  0  0/1    16:35   1:56   0:08 
Isaak Phillips           0  0  0   1  0   0  2  2  0  0  0/0    15:57   0:00   0:35 
Kevin Fiala              0  0  0   0  2   0  3  0  0  0  1/3    18:27   1:56   0:00 
MacKenzie Entwistle      0  0  0   2  0   1  0  0  0  0  1/1    12:24   0:00   1:39 
Matt Duchene             0  2  2   2  0   3  0  0  0  0  2/2    18:09   1:56   0:44 
Matt Martin              0  0  0  -1  0   1  2  1  0  0  0/3    14:09   0:00   1:14 
Nick Ritchie             0  0  0  -1  0   1  0  0  0  0  1/1    12:55   0:00   0:00 
Pierre-Olivier Joseph    0  0  0   1  2   0  2  0  0  0  0/0    16:41   1:02   0:00 
Roman Josi               0  1  1   1  0   1  1  1  0  0  0/0    25:27   1:50   3:21 
Ryan Johansen            0  1  1   2  0   0  0  0  0  0  14/20  16:58   2:02   1:36 
Seth Jarvis              0  0  0   0  0   2  2  0  0  0  4/22   18:45   2:01   2:29 

3 Stars

1 - Austin Watson (NSH)
2 - Filip Chytil (NSH)
3 - Ethan Bear (NSH)

Power Play

Carolina Hurricanes - 1 on 4 Attempt(s) - 25.00%
Nashville Predators - 0 on 2 Attempt(s) - 0.00%

Penalty Kill

Carolina Hurricanes - 2 on 2 Attempt(s) - 100.00% - Score 0 goal in Penalty Kill
Nashville Predators - 3 on 4 Attempt(s) - 75.00% - Score 0 goal in Penalty Kill

Team Stat

Carolina Hurricanes - Hits : 19 - Faceoff Wins : 45 - Blocked Shots : 7 - Penalty Minutes : 4
Nashville Predators - Hits : 23 - Faceoff Wins : 37 - Blocked Shots : 9 - Penalty Minutes : 8

Official

Referees : Kevin Pollock and Dan ORourke
Linesman : Andrew Smith and Person Placeholder

Game Notes

Arturs Silovs enters game at 7:07 of 2nd period
Kaapo Kahkonen is injured at 2:25 of 3rd period (Left Hip)
Kevin Lankinen enters game at 2:25 of 3rd period

Finance

Level 1 -- Attendance: 8609 (86.09%) -- Ticket Income $ 766 201
Level 2 -- Attendance: 1606 (80.30%) -- Ticket Income $ 120 450
Level 3 -- Attendance: 2562 (73.20%) -- Ticket Income $ 115 290
Level 4 -- Attendance: 1053 (72.62%) -- Ticket Income $ 32 643
Luxury Box -- Attendance: 41 (82.00%) -- Ticket Income $ 9 061
Game was played at the Bridgestone Arena.
Total Attendance: 13871 (81.59%)
Total Ticket Income: $ 1 043 645
Total Income: $ 1 043 645

Carolina Hurricanes

5 vs 5 Forward 
   Center                   Left Wing                Right Wing               Time % Phy DF OF 
 1 Sebastian Aho            Jordan Staal             Andrei Svechnikov        30     1   2  2  
 2 Jesperi Kotkaniemi       Taylor Hall              Nino Niederreiter        30     1   2  2  
 3 Stefan Noesen            Brock McGinn             Denis Gurianov           25     1   2  2  
 4 Anthony Duclair          Carl Grundstrom          Julien Gauthier          15     1   2  2  

5 vs 5 Defense 
   Defense                  Defense                                           Time % Phy DF OF 
 1 Brett Pesce              Noah Hanifin                                      37     1   2  2  
 2 Calen Addison            Brendan Smith                                     35     1   2  2  
 3 Jake Bean                Dylan Coghlan                                     28     1   2  2  
 4 Brett Pesce              Noah Hanifin                                      0      1   2  2  

PowerPlay Forward 
   Center                   Left Wing                Right Wing               Time % Phy DF OF 
 1 Sebastian Aho            Jordan Staal             Andrei Svechnikov        50     1   2  2  
 2 Jesperi Kotkaniemi       Taylor Hall              Nino Niederreiter        50     1   2  2  

PowerPlay Defense
   Defense                  Defense                                           Time % Phy DF OF 
 1 Brett Pesce              Noah Hanifin                                      50     1   2  2  
 2 Calen Addison            Brendan Smith                                     50     1   2  2  

Penalty Kill 4 Players Forward 
   Center                   Wing                     Time % Phy DF OF 
 1 Sebastian Aho            Jordan Staal             50     1   2  2  
 2 Andrei Svechnikov        Taylor Hall              50     1   2  2  

Penalty Kill 4 Players Defense
   Defense                  Defense                  Time % Phy DF OF 
 1 Brett Pesce              Noah Hanifin             50     1   2  2  
 2 Calen Addison            Brendan Smith            50     1   2  2  

Penalty Kill - 3 Players Forward 
   Forward                                           Time % Phy DF OF 
 1 Sebastian Aho                                     50     1   2  2  
 2 Jordan Staal                                      50     1   2  2  

Penalty Kill - 3 Players Defense
   Defense                  Defense                  Time % Phy DF OF 
 1 Brett Pesce              Noah Hanifin             50     1   2  2  
 2 Calen Addison            Brendan Smith            50     1   2  2  

4 vs 4 Forward 
   Center                   Wing                     Time % Phy DF OF 
 1 Sebastian Aho            Jordan Staal             50     1   2  2  
 2 Andrei Svechnikov        Taylor Hall              50     1   2  2  

4 vs 4 Defense
   Defense                  Defense                  Time % Phy DF OF 
 1 Brett Pesce              Noah Hanifin             50     1   2  2  
 2 Calen Addison            Brendan Smith            50     1   2  2  

Last Minutes Offensive
   Center                   Left Wing                Right Wing               Defense                  Defense                  
   Sebastian Aho            Jordan Staal             Andrei Svechnikov        Brett Pesce              Noah Hanifin             

Last Minutes Defensive
   Center                   Left Wing                Right Wing               Defense                  Defense                  
   Sebastian Aho            Jordan Staal             Andrei Svechnikov        Brett Pesce              Noah Hanifin             

Goaltenders
Starting : Frederik Andersen        
Backup : Arturs Silovs            

Extra Forwards
Normal : Stefan Noesen, Brock McGinn, Denis Gurianov - PP : Stefan Noesen, Brock McGinn - PK : Denis Gurianov
Extra Defensemen
Normal : Jake Bean, Dylan Coghlan, Calen Addison - PP : Jake Bean - PK : Dylan Coghlan, Calen Addison
Penalty Shots
Sebastian Aho, Jordan Staal, Andrei Svechnikov, Taylor Hall, Nino Niederreiter
Custom OT Lines Forwards
Sebastian Aho, Jordan Staal, Andrei Svechnikov, Taylor Hall, Nino Niederreiter, Jesperi Kotkaniemi, Stefan Noesen, Brock McGinn, Denis Gurianov, Carl Grundstrom
Custom OT Lines Defensemen
Brett Pesce, Noah Hanifin, Calen Addison, Brendan Smith, Jake Bean

Scratches
Brendan Lemieux (Healthy), Tyler Tucker (Healthy), Pyotr Kochetkov (Dislocated Patella Injury)

Nashville Predators

5 vs 5 Forward 
   Center                   Left Wing                Right Wing               Time % Phy DF OF 
 1 Seth Jarvis              Kevin Fiala              Filip Forsberg           30     1   1  3  
 2 Ryan Johansen            Filip Chytil             Matt Duchene             30     1   1  3  
 3 Anthony Beauvillier      Nick Ritchie             Matt Martin              25     1   2  2  
 4 Craig Smith              Austin Watson            MacKenzie Entwistle      15     1   2  2  

5 vs 5 Defense 
   Defense                  Defense                                           Time % Phy DF OF 
 1 Roman Josi               Connor Murphy                                     30     1   2  2  
 2 Ethan Bear               Dante Fabbro                                      30     1   2  2  
 3 Pierre-Olivier Joseph    Isaak Phillips                                    25     1   2  2  
 4 Roman Josi               Connor Murphy                                     15     1   2  2  

PowerPlay Forward 
   Center                   Left Wing                Right Wing               Time % Phy DF OF 
 1 Kevin Fiala              Matt Duchene             Filip Forsberg           50     1   2  2  
 2 Ryan Johansen            Filip Chytil             Craig Smith              50     1   2  2  

PowerPlay Defense
   Defense                  Defense                                           Time % Phy DF OF 
 1 Roman Josi               Seth Jarvis                                       50     1   2  2  
 2 Ethan Bear               Anthony Beauvillier                               50     1   2  2  

Penalty Kill 4 Players Forward 
   Center                   Wing                     Time % Phy DF OF 
 1 Austin Watson            MacKenzie Entwistle      50     1   2  2  
 2 Seth Jarvis              Ryan Johansen            50     1   2  2  

Penalty Kill 4 Players Defense
   Defense                  Defense                  Time % Phy DF OF 
 1 Roman Josi               Connor Murphy            50     1   2  2  
 2 Ethan Bear               Dante Fabbro             50     1   2  2  

Penalty Kill - 3 Players Forward 
   Forward                                           Time % Phy DF OF 
 1 Austin Watson                                     50     1   2  2  
 2 MacKenzie Entwistle                               50     1   2  2  

Penalty Kill - 3 Players Defense
   Defense                  Defense                  Time % Phy DF OF 
 1 Roman Josi               Connor Murphy            50     1   2  2  
 2 Ethan Bear               Dante Fabbro             50     1   2  2  

4 vs 4 Forward 
   Center                   Wing                     Time % Phy DF OF 
 1 Kevin Fiala              Matt Duchene             50     1   2  2  
 2 Filip Forsberg           Ryan Johansen            50     1   2  2  

4 vs 4 Defense
   Defense                  Defense                  Time % Phy DF OF 
 1 Roman Josi               Connor Murphy            50     1   2  2  
 2 Ethan Bear               Dante Fabbro             50     1   2  2  

Last Minutes Offensive
   Center                   Left Wing                Right Wing               Defense                  Defense                  
   Kevin Fiala              Matt Duchene             Filip Forsberg           Roman Josi               Connor Murphy            

Last Minutes Defensive
   Center                   Left Wing                Right Wing               Defense                  Defense                  
   Kevin Fiala              Matt Duchene             Filip Forsberg           Roman Josi               Connor Murphy            

Goaltenders
Starting : Kaapo Kahkonen           
Backup : Kevin Lankinen           

Extra Forwards
Normal : Anthony Beauvillier, Nick Ritchie, Matt Martin - PP : Anthony Beauvillier, Nick Ritchie - PK : Matt Martin
Extra Defensemen
Normal : Pierre-Olivier Joseph, Isaak Phillips, Ethan Bear - PP : Pierre-Olivier Joseph - PK : Isaak Phillips, Ethan Bear
Penalty Shots
Kevin Fiala, Matt Duchene, Filip Forsberg, Ryan Johansen, Filip Chytil
Custom OT Lines Forwards
Kevin Fiala, Matt Duchene, Filip Forsberg, Ryan Johansen, Filip Chytil, Seth Jarvis, Anthony Beauvillier, Nick Ritchie, Matt Martin, Craig Smith
Custom OT Lines Defensemen
Roman Josi, Connor Murphy, Ethan Bear, Dante Fabbro, Pierre-Olivier Joseph

Scratches
Nathan Beaulieu (Right Foot Injury), Parker Wotherspoon (Suspend)

% Time on Ice - Carolina Hurricanes

Lines # - Real PCT - Wanted PCT - Time Play
Normal Forward
1 - 26% - 30% - 13:14
2 - 25% - 30% - 12:51
3 - 25% - 25% - 12:39
4 - 24% - 15% - 12:31
Normal Defense
1 - 37% - 37% - 18:44
2 - 33% - 35% - 16:54
3 - 30% - 28% - 15:37
4 - 0% - 0% - 0:00
PP Forward
1 - 59% - 50% - 2:49
2 - 41% - 50% - 1:58
PP Defense
1 - 40% - 50% - 1:54
2 - 60% - 50% - 2:53
PK Forward
1 - 50% - 50% - 1:59
2 - 50% - 50% - 1:59
PK Defense
1 - 21% - 50% - 0:50
2 - 79% - 50% - 3:08
PK3 Forward
1 - 0% - 50%
2 - 0% - 50%
PK3 Defense
1 - 0% - 50%
2 - 0% - 50%
44 Forward
1 - 0% - 50%
2 - 0% - 50%
44 Defense
1 - 0% - 50%
2 - 0% - 50%
Last Minute Offensive  - 0:00
Last Minute Defensive  - 0:00
Total
Forward - 60:00
Defense - 60:00

% Time on Ice - Nashville Predators

Lines # - Real PCT - Wanted PCT - Time Play
Normal Forward
1 - 28% - 30% - 14:15
2 - 26% - 30% - 13:20
3 - 25% - 25% - 12:55
4 - 21% - 15% - 10:45
Normal Defense
1 - 30% - 30% - 15:28
2 - 30% - 30% - 15:19
3 - 29% - 25% - 15:06
4 - 10% - 15% - 5:22
PP Forward
1 - 49% - 50% - 1:56
2 - 51% - 50% - 2:02
PP Defense
1 - 51% - 50% - 2:01
2 - 49% - 50% - 1:57
PK Forward
1 - 37% - 50% - 1:47
2 - 63% - 50% - 3:00
PK Defense
1 - 56% - 50% - 2:42
2 - 44% - 50% - 2:05
PK3 Forward
1 - 0% - 50%
2 - 0% - 50%
PK3 Defense
1 - 0% - 50%
2 - 0% - 50%
44 Forward
1 - 0% - 50%
2 - 0% - 50%
44 Defense
1 - 0% - 50%
2 - 0% - 50%
Last Minute Offensive  - 0:00
Last Minute Defensive  - 0:00
Total
Forward - 60:00
Defense - 60:00

Play-by-Play

1st period


0:01 of 1st period - Andrei Svechnikov wins face-off versus Seth Jarvis in neutral zone.
0:14 of 1st period - Shot by Andrei Svechnikov.
0:14 of 1st period - Stopped by Kaapo Kahkonen without a rebound.
0:15 of 1st period - Matt Duchene wins face-off versus Nino Niederreiter in Nashville Predators zone.
0:20 of 1st period - Shot by Filip Chytil.
0:20 of 1st period - Stopped by Frederik Andersen without a rebound.
0:21 of 1st period - Anthony Beauvillier wins face-off versus Stefan Noesen in Carolina Hurricanes zone.
0:21 of 1st period - Anthony Beauvillier is hit by Jake Bean.
0:27 of 1st period - Shot by Nick Ritchie.
0:27 of 1st period - Stopped by Frederik Andersen without a rebound.
0:28 of 1st period - Anthony Duclair wins face-off versus Craig Smith in Carolina Hurricanes zone.
0:53 of 1st period - Shot by MacKenzie Entwistle.
0:53 of 1st period - Stopped by Frederik Andersen without a rebound.
0:53 of 1st period - Minor Penalty to Calen Addison for Holding.
0:54 of 1st period - Sebastian Aho wins face-off versus Kevin Fiala in Carolina Hurricanes zone.
2:14 of 1st period - Shot by Roman Josi.
2:14 of 1st period - Shot Misses the Net.
2:16 of 1st period - Shot by Roman Josi.
2:16 of 1st period - Deflect By Filip Chytil.
2:16 of 1st period - Stopped by Frederik Andersen without a rebound.
2:17 of 1st period - Ryan Johansen wins face-off versus Andrei Svechnikov in Carolina Hurricanes zone.
2:46 of 1st period - Shot by Seth Jarvis.
2:46 of 1st period - Stopped by Frederik Andersen with a rebound.
3:49 of 1st period - Brett Pesce is hit by Ethan Bear and loses puck.
3:57 of 1st period - Stefan Noesen is hit by Dante Fabbro and loses puck.
4:16 of 1st period - Ethan Bear is hit by Andrei Svechnikov and loses puck.
4:26 of 1st period - Sebastian Aho is hit by Dante Fabbro and loses puck.
4:29 of 1st period - Shot by Jordan Staal.
4:29 of 1st period - Shot Misses the Net.
4:31 of 1st period - Shot by Andrei Svechnikov.
4:31 of 1st period - Shot Misses the Net.
4:33 of 1st period - Shot by Brendan Smith.
4:33 of 1st period - Shot Blocked by Dante Fabbro.
4:37 of 1st period - Shot by Jordan Staal.
4:37 of 1st period - Stopped by Kaapo Kahkonen without a rebound.
4:38 of 1st period - Matt Duchene wins face-off versus Jesperi Kotkaniemi in Nashville Predators zone.
5:28 of 1st period - Minor Penalty to Pierre-Olivier Joseph for Holding.
5:29 of 1st period - Sebastian Aho wins face-off versus Seth Jarvis in Nashville Predators zone.
6:14 of 1st period - Shot by Jake Bean.
6:14 of 1st period - Stopped by Kaapo Kahkonen without a rebound.
6:15 of 1st period - Austin Watson wins face-off versus Sebastian Aho in Nashville Predators zone.
6:28 of 1st period - Shot by Sebastian Aho.
6:28 of 1st period - Stopped by Kaapo Kahkonen without a rebound.
6:29 of 1st period - Seth Jarvis wins face-off versus Jesperi Kotkaniemi in Nashville Predators zone.
6:37 of 1st period - Off-side.
6:38 of 1st period - Sebastian Aho wins face-off versus Austin Watson in neutral zone.
6:57 of 1st period - Shot by Jordan Staal.
6:57 of 1st period - Deflect By Sebastian Aho.
6:57 of 1st period - Stopped by Kaapo Kahkonen without a rebound.
6:58 of 1st period - Jesperi Kotkaniemi wins face-off versus Seth Jarvis in Nashville Predators zone.
6:58 of 1st period - Nino Niederreiter is hit by Ethan Bear and loses puck.
7:37 of 1st period - Shot by Stefan Noesen.
7:37 of 1st period - Deflect By Brock McGinn.
7:37 of 1st period - Shot Misses the Net.
8:26 of 1st period - Off-side.
8:27 of 1st period - Sebastian Aho wins face-off versus Seth Jarvis in neutral zone.
8:36 of 1st period - Shot by Andrei Svechnikov.
8:36 of 1st period - Stopped by Kaapo Kahkonen with a rebound.
8:38 of 1st period - Shot by Jordan Staal.
8:38 of 1st period - Stopped by Kaapo Kahkonen without a rebound.
8:39 of 1st period - Craig Smith wins face-off versus Sebastian Aho in Nashville Predators zone.
8:54 of 1st period - Shot by Sebastian Aho.
8:54 of 1st period - Shot Misses the Net.
9:03 of 1st period - Shot by Jordan Staal.
9:03 of 1st period - Stopped by Kaapo Kahkonen with a rebound.
9:05 of 1st period - Shot by Jordan Staal.
9:05 of 1st period - Shot Misses the Net.
9:07 of 1st period - Shot by Brett Pesce.
9:07 of 1st period - Stopped by Kaapo Kahkonen without a rebound.
9:08 of 1st period - Jesperi Kotkaniemi wins face-off versus Seth Jarvis in Nashville Predators zone.
9:17 of 1st period - Shot by Nino Niederreiter.
9:17 of 1st period - Shot Misses the Net.
9:27 of 1st period - Shot by Jesperi Kotkaniemi.
9:27 of 1st period - Stopped by Kaapo Kahkonen without a rebound.
9:28 of 1st period - Ryan Johansen wins face-off versus Stefan Noesen in Nashville Predators zone.
9:28 of 1st period - Ryan Johansen is hit by Stefan Noesen.
9:40 of 1st period - Shot by Matt Duchene.
9:40 of 1st period - Stopped by Frederik Andersen without a rebound.
9:41 of 1st period - Anthony Beauvillier wins face-off versus Sebastian Aho in Carolina Hurricanes zone.
10:03 of 1st period - Shot by Sebastian Aho.
10:03 of 1st period - Stopped by Kaapo Kahkonen without a rebound.
10:04 of 1st period - Jesperi Kotkaniemi wins face-off versus Kevin Fiala in Nashville Predators zone.
10:09 of 1st period - Shot by Taylor Hall.
10:09 of 1st period - Stopped by Kaapo Kahkonen without a rebound.
10:10 of 1st period - Jesperi Kotkaniemi wins face-off versus Filip Forsberg in Nashville Predators zone.
10:10 of 1st period - Brendan Smith is hit by Connor Murphy and loses puck.
10:22 of 1st period - Nino Niederreiter is hit by Roman Josi and loses puck.
10:38 of 1st period - Off-side.
10:39 of 1st period - Sebastian Aho wins face-off versus Ryan Johansen in neutral zone.
10:48 of 1st period - Shot by Sebastian Aho.
10:48 of 1st period - Stopped by Kaapo Kahkonen without a rebound.
10:49 of 1st period - Stefan Noesen wins face-off versus Matt Martin in Nashville Predators zone.
10:57 of 1st period - Off-side.
10:58 of 1st period - Ryan Johansen wins face-off versus Sebastian Aho in neutral zone.
12:00 of 1st period - Shot by Taylor Hall.
12:00 of 1st period - Shot Blocked by Ethan Bear.
12:02 of 1st period - Shot by Calen Addison.
12:02 of 1st period - Stopped by Kaapo Kahkonen with a rebound.
12:04 of 1st period - Shot by Calen Addison.
12:04 of 1st period - Stopped by Kaapo Kahkonen without a rebound.
12:05 of 1st period - Seth Jarvis wins face-off versus Stefan Noesen in Nashville Predators zone.
12:43 of 1st period - Brett Pesce is hit by Kevin Fiala and loses puck.
12:47 of 1st period - Noah Hanifin is hit by Kevin Fiala and loses puck.
13:12 of 1st period - Shot by Carl Grundstrom.
13:12 of 1st period - Stopped by Kaapo Kahkonen without a rebound.
13:13 of 1st period - Craig Smith wins face-off versus Nino Niederreiter in Nashville Predators zone.
13:13 of 1st period - Isaak Phillips is hit by Jesperi Kotkaniemi and loses puck.
14:26 of 1st period - Shot by Matt Duchene.
14:26 of 1st period - Stopped by Frederik Andersen without a rebound.
14:27 of 1st period - Filip Chytil wins face-off versus Anthony Duclair in Carolina Hurricanes zone.
14:47 of 1st period - Icing by Roman Josi.
14:48 of 1st period - Ryan Johansen wins face-off versus Stefan Noesen in Nashville Predators zone.
15:59 of 1st period - Jordan Staal is hit by Matt Martin.
17:56 of 1st period - Shot by Anthony Duclair.
17:56 of 1st period - Shot Misses the Net.
17:58 of 1st period - Shot by Brendan Smith.
17:58 of 1st period - Stopped by Kaapo Kahkonen without a rebound.
17:59 of 1st period - Sebastian Aho wins face-off versus Anthony Beauvillier in Nashville Predators zone.
18:04 of 1st period - Shot by Jordan Staal.
18:04 of 1st period - Shot Misses the Net.
18:12 of 1st period - Shot by Sebastian Aho.
18:12 of 1st period - Stopped by Kaapo Kahkonen with a rebound.
18:41 of 1st period - Off-side.
18:42 of 1st period - Seth Jarvis wins face-off versus Stefan Noesen in neutral zone.
18:47 of 1st period - Shot by Matt Duchene.
18:47 of 1st period - Shot Blocked by Brett Pesce.
18:49 of 1st period - Shot by Seth Jarvis.
18:49 of 1st period - Shot Blocked by Noah Hanifin.
19:31 of 1st period - Icing by Isaak Phillips.
19:32 of 1st period - Craig Smith wins face-off versus Jordan Staal in Nashville Predators zone.
19:32 of 1st period - Craig Smith is hit by Andrei Svechnikov.
19:38 of 1st period - Shot by Austin Watson.
19:38 of 1st period - Stopped by Frederik Andersen with a rebound.
19:40 of 1st period - Shot by Craig Smith.
19:40 of 1st period - Deflect By Austin Watson.
19:40 of 1st period - Goal by Austin Watson - Carolina Hurricanes : 0 - Nashville Predators : 1.
19:41 of 1st period - Ryan Johansen wins face-off versus Anthony Duclair in neutral zone.
19:46 of 1st period - Shot by Filip Chytil.
19:46 of 1st period - Goal by Filip Chytil - Carolina Hurricanes : 0 - Nashville Predators : 2.
19:47 of 1st period - Nick Ritchie wins face-off versus Sebastian Aho in neutral zone.
Goals for this period are 0 for Carolina Hurricanes vs 2 for Nashville Predators.
Shots for this period are 18 for Carolina Hurricanes vs 10 for Nashville Predators.

2nd period


0:01 of 2nd period - Jesperi Kotkaniemi wins face-off versus Seth Jarvis in neutral zone.
0:04 of 2nd period - Seth Jarvis is hit by Nino Niederreiter and loses puck.
0:56 of 2nd period - Shot by Noah Hanifin.
0:56 of 2nd period - Stopped by Kaapo Kahkonen without a rebound.
0:57 of 2nd period - Ryan Johansen wins face-off versus Stefan Noesen in Nashville Predators zone.
0:57 of 2nd period - Ryan Johansen is hit by Stefan Noesen.
1:07 of 2nd period - Shot by Filip Chytil.
1:07 of 2nd period - Shot Misses the Net.
1:17 of 2nd period - Shot by Matt Duchene.
1:17 of 2nd period - Stopped by Frederik Andersen with a rebound.
1:19 of 2nd period - Shot by Ethan Bear.
1:19 of 2nd period - Stopped by Frederik Andersen with a rebound.
2:22 of 2nd period - Shot by Matt Martin.
2:22 of 2nd period - Stopped by Frederik Andersen with a rebound.
2:24 of 2nd period - Shot by Anthony Beauvillier.
2:24 of 2nd period - Shot Blocked by Calen Addison.
2:26 of 2nd period - Shot by Nick Ritchie.
2:26 of 2nd period - Shot Misses the Net.
3:15 of 2nd period - Icing by Connor Murphy.
3:16 of 2nd period - Jesperi Kotkaniemi wins face-off versus Austin Watson in Nashville Predators zone.
3:16 of 2nd period - Taylor Hall is hit by Connor Murphy and loses puck.
3:27 of 2nd period - Shot by Craig Smith.
3:27 of 2nd period - Shot Blocked by Dylan Coghlan.
3:29 of 2nd period - Shot by Austin Watson.
3:29 of 2nd period - Goal by Austin Watson - Carolina Hurricanes : 0 - Nashville Predators : 3.
3:30 of 2nd period - Seth Jarvis wins face-off versus Stefan Noesen in neutral zone.
3:30 of 2nd period - Filip Forsberg is hit by Stefan Noesen.
3:39 of 2nd period - Filip Forsberg is hit by Brett Pesce and loses puck.
4:10 of 2nd period - Off-side.
4:11 of 2nd period - Ryan Johansen wins face-off versus Jesperi Kotkaniemi in neutral zone.
4:35 of 2nd period - Shot by Jesperi Kotkaniemi.
4:35 of 2nd period - Stopped by Kaapo Kahkonen with a rebound.
4:37 of 2nd period - Shot by Jesperi Kotkaniemi.
4:37 of 2nd period - Shot Misses the Net.
4:39 of 2nd period - Shot by Jesperi Kotkaniemi.
4:39 of 2nd period - Stopped by Kaapo Kahkonen without a rebound.
4:40 of 2nd period - Sebastian Aho wins face-off versus Anthony Beauvillier in Nashville Predators zone.
4:58 of 2nd period - Shot by Sebastian Aho.
4:58 of 2nd period - Stopped by Kaapo Kahkonen without a rebound.
4:59 of 2nd period - Julien Gauthier wins face-off versus Seth Jarvis in Nashville Predators zone.
5:07 of 2nd period - Icing by Isaak Phillips.
5:08 of 2nd period - Stefan Noesen wins face-off versus Seth Jarvis in Nashville Predators zone.
5:59 of 2nd period - Shot by Nino Niederreiter.
5:59 of 2nd period - Deflect By Taylor Hall.
5:59 of 2nd period - Goal by Taylor Hall - Carolina Hurricanes : 1 - Nashville Predators : 3.
6:00 of 2nd period - Sebastian Aho wins face-off versus Ryan Johansen in neutral zone.
6:06 of 2nd period - Icing by Roman Josi.
6:07 of 2nd period - Sebastian Aho wins face-off versus Ryan Johansen in Nashville Predators zone.
6:08 of 2nd period - Shot by Andrei Svechnikov.
6:08 of 2nd period - Stopped by Kaapo Kahkonen without a rebound.
6:09 of 2nd period - Nino Niederreiter wins face-off versus Seth Jarvis in Nashville Predators zone.
6:37 of 2nd period - Brendan Smith is hit by Seth Jarvis and loses puck.
7:01 of 2nd period - Shot by Ryan Johansen.
7:01 of 2nd period - Deflect By Filip Chytil.
7:01 of 2nd period - Shot Misses the Net.
7:03 of 2nd period - Shot by Ethan Bear.
7:03 of 2nd period - Stopped by Frederik Andersen with a rebound.
7:05 of 2nd period - Shot by Matt Duchene.
7:05 of 2nd period - Shot Misses the Net.
7:07 of 2nd period - Shot by Ethan Bear.
7:07 of 2nd period - Goal by Ethan Bear - Carolina Hurricanes : 1 - Nashville Predators : 4.
7:07 of 2nd period - Arturs Silovs enters game.
7:08 of 2nd period - Andrei Svechnikov wins face-off versus Anthony Beauvillier in neutral zone.
7:18 of 2nd period - Shot by Jordan Staal.
7:18 of 2nd period - Deflect By Sebastian Aho.
7:18 of 2nd period - Stopped by Kaapo Kahkonen without a rebound.
7:19 of 2nd period - Stefan Noesen wins face-off versus Craig Smith in Nashville Predators zone.
7:30 of 2nd period - Shot by Denis Gurianov.
7:30 of 2nd period - Stopped by Kaapo Kahkonen with a rebound.
7:40 of 2nd period - Shot by Stefan Noesen.
7:40 of 2nd period - Shot Hit the Post.
7:42 of 2nd period - Shot by Brock McGinn.
7:42 of 2nd period - Shot Blocked by Ethan Bear.
8:22 of 2nd period - Shot by Ryan Johansen.
8:22 of 2nd period - Shot Blocked by Brett Pesce.
8:24 of 2nd period - Shot by Matt Duchene.
8:24 of 2nd period - Deflect By Filip Chytil.
8:24 of 2nd period - Stopped by Arturs Silovs without a rebound.
8:25 of 2nd period - Anthony Duclair wins face-off versus Seth Jarvis in Carolina Hurricanes zone.
8:25 of 2nd period - Anthony Duclair is hit by Seth Jarvis.
8:37 of 2nd period - Shot by Filip Forsberg.
8:37 of 2nd period - Shot Blocked by Brendan Smith.
8:39 of 2nd period - Shot by Filip Forsberg.
8:39 of 2nd period - Shot Misses the Net.
8:41 of 2nd period - Shot by Connor Murphy.
8:41 of 2nd period - Stopped by Arturs Silovs without a rebound.
8:42 of 2nd period - Anthony Beauvillier wins face-off versus Nino Niederreiter in Carolina Hurricanes zone.
9:43 of 2nd period - Denis Gurianov is hit by Connor Murphy and loses puck.
10:05 of 2nd period - Icing by Sebastian Aho.
10:06 of 2nd period - Sebastian Aho wins face-off versus Ryan Johansen in Carolina Hurricanes zone.
10:23 of 2nd period - Shot by Matt Duchene.
10:23 of 2nd period - Shot Blocked by Calen Addison.
10:25 of 2nd period - Shot by Filip Chytil.
10:25 of 2nd period - Shot Misses the Net.
10:33 of 2nd period - Shot by Filip Chytil.
10:33 of 2nd period - Stopped by Arturs Silovs without a rebound.
10:34 of 2nd period - Anthony Duclair wins face-off versus Craig Smith in Carolina Hurricanes zone.
10:34 of 2nd period - Anthony Duclair is hit by Craig Smith.
10:37 of 2nd period - Icing by Noah Hanifin.
10:38 of 2nd period - Anthony Beauvillier wins face-off versus Carl Grundstrom in Carolina Hurricanes zone.
11:30 of 2nd period - Seth Jarvis is hit by Carl Grundstrom and loses puck.
11:38 of 2nd period - Icing by Roman Josi.
11:39 of 2nd period - Sebastian Aho wins face-off versus Seth Jarvis in Nashville Predators zone.
12:08 of 2nd period - Shot by Sebastian Aho.
12:08 of 2nd period - Stopped by Kaapo Kahkonen without a rebound.
12:09 of 2nd period - Ryan Johansen wins face-off versus Jesperi Kotkaniemi in Nashville Predators zone.
12:22 of 2nd period - Shot by Nino Niederreiter.
12:22 of 2nd period - Shot Misses the Net.
12:25 of 2nd period - Minor Penalty to Dante Fabbro for Hooking.
12:26 of 2nd period - Austin Watson wins face-off versus Sebastian Aho in Nashville Predators zone.
13:07 of 2nd period - Shot by Noah Hanifin.
13:07 of 2nd period - Shot Misses the Net.
13:09 of 2nd period - Shot by Noah Hanifin.
13:09 of 2nd period - Shot Misses the Net.
13:11 of 2nd period - Shot by Noah Hanifin.
13:11 of 2nd period - Goal by Noah Hanifin - Carolina Hurricanes : 2 - Nashville Predators : 4.
13:12 of 2nd period - Stefan Noesen wins face-off versus Anthony Beauvillier in neutral zone.
13:24 of 2nd period - Shot by Stefan Noesen.
13:24 of 2nd period - Stopped by Kaapo Kahkonen with a rebound.
13:26 of 2nd period - Shot by Brock McGinn.
13:26 of 2nd period - Shot Misses the Net.
13:28 of 2nd period - Shot by Denis Gurianov.
13:28 of 2nd period - Shot Blocked by Matt Martin.
13:30 of 2nd period - Shot by Jake Bean.
13:30 of 2nd period - Stopped by Kaapo Kahkonen without a rebound.
13:31 of 2nd period - Craig Smith wins face-off versus Taylor Hall in Nashville Predators zone.
13:31 of 2nd period - Craig Smith is hit by Jesperi Kotkaniemi.
13:39 of 2nd period - Brett Pesce is hit by Austin Watson and loses puck.
13:48 of 2nd period - Shot by Craig Smith.
13:48 of 2nd period - Stopped by Arturs Silovs without a rebound.
13:49 of 2nd period - Ryan Johansen wins face-off versus Anthony Duclair in Carolina Hurricanes zone.
13:50 of 2nd period - Shot by Filip Chytil.
13:50 of 2nd period - Shot Misses the Net.
14:10 of 2nd period - Shot by Filip Chytil.
14:10 of 2nd period - Stopped by Arturs Silovs without a rebound.
14:11 of 2nd period - Sebastian Aho wins face-off versus Seth Jarvis in Carolina Hurricanes zone.
14:21 of 2nd period - Filip Forsberg is hit by Calen Addison and loses puck.
15:33 of 2nd period - Shot by Denis Gurianov.
15:33 of 2nd period - Stopped by Kaapo Kahkonen without a rebound.
15:34 of 2nd period - Carl Grundstrom wins face-off versus Ryan Johansen in Nashville Predators zone.
16:24 of 2nd period - Shot by Nick Ritchie.
16:24 of 2nd period - Shot Misses the Net.
16:55 of 2nd period - MacKenzie Entwistle is hit by Andrei Svechnikov and loses puck.
18:25 of 2nd period - Brock McGinn is hit by Matt Martin.
18:41 of 2nd period - Off-side.
18:42 of 2nd period - Craig Smith wins face-off versus Anthony Duclair in neutral zone.
18:45 of 2nd period - Shot by Roman Josi.
18:45 of 2nd period - Stopped by Arturs Silovs without a rebound.
18:46 of 2nd period - Stefan Noesen wins face-off versus Craig Smith in Carolina Hurricanes zone.
18:46 of 2nd period - Stefan Noesen is hit by Austin Watson.
19:38 of 2nd period - Shot by Carl Grundstrom.
19:38 of 2nd period - Shot Blocked by Dante Fabbro.
19:40 of 2nd period - Shot by Julien Gauthier.
19:40 of 2nd period - Shot Misses the Net.
19:42 of 2nd period - Shot by Brendan Smith.
19:42 of 2nd period - Shot Misses the Net.
19:44 of 2nd period - Shot by Anthony Duclair.
19:44 of 2nd period - Shot Blocked by Ethan Bear.
19:46 of 2nd period - Shot by Brendan Smith.
19:46 of 2nd period - Shot Misses the Net.
19:48 of 2nd period - Shot by Julien Gauthier.
19:48 of 2nd period - Stopped by Kaapo Kahkonen without a rebound.
19:49 of 2nd period - Jordan Staal wins face-off versus Anthony Beauvillier in Nashville Predators zone.
Goals for this period are 2 for Carolina Hurricanes vs 2 for Nashville Predators.
Shots for this period are 14 for Carolina Hurricanes vs 12 for Nashville Predators.

3rd period


0:01 of 3rd period - Ryan Johansen wins face-off versus Sebastian Aho in neutral zone.
0:35 of 3rd period - Icing by Brendan Smith.
0:36 of 3rd period - Sebastian Aho wins face-off versus Seth Jarvis in Carolina Hurricanes zone.
0:55 of 3rd period - Shot by Filip Forsberg.
0:55 of 3rd period - Shot Misses the Net.
0:57 of 3rd period - Shot by Dante Fabbro.
0:57 of 3rd period - Shot Misses the Net.
1:25 of 3rd period - Shot by Nino Niederreiter.
1:25 of 3rd period - Deflect By Taylor Hall.
1:25 of 3rd period - Shot Misses the Net.
1:40 of 3rd period - Icing by Taylor Hall.
1:41 of 3rd period - Craig Smith wins face-off versus Jesperi Kotkaniemi in Carolina Hurricanes zone.
1:41 of 3rd period - Austin Watson is hit by Noah Hanifin.
2:25 of 3rd period - Shot by Stefan Noesen.
2:25 of 3rd period - Stopped by Kaapo Kahkonen without a rebound.
2:25 of 3rd period - Kaapo Kahkonen from Nashville Predators is injured at 2:25 of 3rd period (Left Hip).
2:25 of 3rd period - Kevin Lankinen enters game.
2:26 of 3rd period - Ryan Johansen wins face-off versus Anthony Duclair in Nashville Predators zone.
2:26 of 3rd period - Ryan Johansen is hit by Julien Gauthier.
2:37 of 3rd period - Off-side.
2:38 of 3rd period - Anthony Beauvillier wins face-off versus Anthony Duclair in neutral zone.
3:30 of 3rd period - Icing by Anthony Beauvillier.
3:31 of 3rd period - Jesperi Kotkaniemi wins face-off versus Anthony Beauvillier in Nashville Predators zone.
3:37 of 3rd period - Roman Josi is hit by Brendan Smith and loses puck.
3:52 of 3rd period - Minor Penalty to Brendan Smith for Holding Stick.
3:53 of 3rd period - Kevin Fiala wins face-off versus Sebastian Aho in Carolina Hurricanes zone.
3:53 of 3rd period - Kevin Fiala is hit by Dylan Coghlan.
5:07 of 3rd period - Icing by Pierre-Olivier Joseph.
5:08 of 3rd period - Sebastian Aho wins face-off versus Ryan Johansen in Nashville Predators zone.
5:55 of 3rd period - Icing by Filip Forsberg.
5:56 of 3rd period - Stefan Noesen wins face-off versus Matt Martin in Nashville Predators zone.
6:01 of 3rd period - Shot by Brock McGinn.
6:01 of 3rd period - Deflect By Stefan Noesen.
6:01 of 3rd period - Stopped by Kevin Lankinen without a rebound.
6:02 of 3rd period - Stefan Noesen wins face-off versus Anthony Beauvillier in Nashville Predators zone.
6:24 of 3rd period - Shot by Anthony Beauvillier.
6:24 of 3rd period - Stopped by Arturs Silovs without a rebound.
6:25 of 3rd period - Anthony Duclair wins face-off versus Seth Jarvis in Carolina Hurricanes zone.
6:25 of 3rd period - Anthony Duclair is hit by Kevin Fiala.
7:16 of 3rd period - Carl Grundstrom is hit by Pierre-Olivier Joseph and loses puck.
7:43 of 3rd period - Shot by Jesperi Kotkaniemi.
7:43 of 3rd period - Stopped by Kevin Lankinen with a rebound.
8:29 of 3rd period - Shot by Sebastian Aho.
8:29 of 3rd period - Stopped by Kevin Lankinen with a rebound.
9:07 of 3rd period - Shot by Matt Martin.
9:07 of 3rd period - Shot Misses the Net.
9:31 of 3rd period - Shot by Sebastian Aho.
9:31 of 3rd period - Shot Misses the Net.
9:45 of 3rd period - Off-side.
9:46 of 3rd period - Anthony Duclair wins face-off versus Seth Jarvis in neutral zone.
10:00 of 3rd period - Shot by Filip Forsberg.
10:00 of 3rd period - Shot Misses the Net.
10:03 of 3rd period - Icing by Anthony Duclair.
10:04 of 3rd period - MacKenzie Entwistle wins face-off versus Anthony Duclair in Carolina Hurricanes zone.
10:14 of 3rd period - Icing by Sebastian Aho.
10:15 of 3rd period - Anthony Duclair wins face-off versus Seth Jarvis in Carolina Hurricanes zone.
11:57 of 3rd period - Shot by Jordan Staal.
11:57 of 3rd period - Shot Blocked by Roman Josi.
12:39 of 3rd period - Shot by Carl Grundstrom.
12:39 of 3rd period - Shot Misses the Net.
13:30 of 3rd period - Shot by Filip Forsberg.
13:30 of 3rd period - Stopped by Arturs Silovs with a rebound.
13:36 of 3rd period - Shot by Seth Jarvis.
13:36 of 3rd period - Stopped by Arturs Silovs without a rebound.
13:37 of 3rd period - Ryan Johansen wins face-off versus Sebastian Aho in Carolina Hurricanes zone.
13:38 of 3rd period - Shot by Filip Chytil.
13:38 of 3rd period - Shot Misses the Net.
13:52 of 3rd period - Shot by Andrei Svechnikov.
13:52 of 3rd period - Stopped by Kevin Lankinen without a rebound.
13:53 of 3rd period - Taylor Hall wins face-off versus Craig Smith in Nashville Predators zone.
14:46 of 3rd period - Shot by Brock McGinn.
14:46 of 3rd period - Shot Blocked by Isaak Phillips.
14:48 of 3rd period - Shot by Brendan Smith.
14:48 of 3rd period - Stopped by Kevin Lankinen without a rebound.
14:49 of 3rd period - Ryan Johansen wins face-off versus Jordan Staal in Nashville Predators zone.
15:05 of 3rd period - Shot by Jordan Staal.
15:05 of 3rd period - Shot Blocked by Isaak Phillips.
15:09 of 3rd period - Shot by Andrei Svechnikov.
15:09 of 3rd period - Stopped by Kevin Lankinen with a rebound.
15:24 of 3rd period - Icing by Pierre-Olivier Joseph.
15:25 of 3rd period - Ryan Johansen wins face-off versus Stefan Noesen in Nashville Predators zone.
15:25 of 3rd period - Ryan Johansen is hit by Stefan Noesen.
15:28 of 3rd period - Filip Chytil is hit by Denis Gurianov and loses puck.
15:41 of 3rd period - Shot by Stefan Noesen.
15:41 of 3rd period - Shot Misses the Net.
15:44 of 3rd period - Denis Gurianov is hit by Pierre-Olivier Joseph and loses puck.
15:48 of 3rd period - Brock McGinn is hit by Isaak Phillips and loses puck.
15:54 of 3rd period - Denis Gurianov is hit by Isaak Phillips.
16:23 of 3rd period - Minor Penalty to Kevin Fiala for Cross-checking.
16:24 of 3rd period - Sebastian Aho wins face-off versus Austin Watson in Nashville Predators zone.
17:19 of 3rd period - Shot by Nino Niederreiter.
17:19 of 3rd period - Stopped by Kevin Lankinen without a rebound.
17:20 of 3rd period - Jesperi Kotkaniemi wins face-off versus Seth Jarvis in Nashville Predators zone.
18:31 of 3rd period - Brett Pesce is hit by Filip Forsberg and loses puck.
19:02 of 3rd period - Icing by Kevin Fiala.
19:03 of 3rd period - Julien Gauthier wins face-off versus Seth Jarvis in Nashville Predators zone.
19:04 of 3rd period - Shot by Carl Grundstrom.
19:04 of 3rd period - Stopped by Kevin Lankinen with a rebound.
19:56 of 3rd period - Shot by Sebastian Aho.
19:56 of 3rd period - Stopped by Kevin Lankinen without a rebound.
19:56 of 3rd period - Minor Penalty to Kevin Lankinen for Delaying the game.
19:57 of 3rd period - Jesperi Kotkaniemi wins face-off versus Matt Martin in Nashville Predators zone.
Goals for this period are 0 for Carolina Hurricanes vs 0 for Nashville Predators.
Shots for this period are 10 for Carolina Hurricanes vs 3 for Nashville Predators.